Workbook

Sheet RAZÃO
B2: MORADA DO SOL TURISMO, EVENTOS E PARTICIPAÇÕES S/A
B3: Balancete de Despesas
B4: Período : 01/11/2021 a 30/11/2021
E5: VALOR | F5: DETALHE
B6: IMPOSTOS SOBRE RECEITA BRUTA
C7: 1. | D7: Cofins | E7: ='1.'!D6 -> 2664 | F7: abertura
C8: 2. | D8: Pis | E8: ='2.'!D6 -> 577.2 | F8: abertura
B9: SERVIÇOS DE TERCEIROS PESSOA FÍSICA
C10: 3. | D10: Honorários Advocatícios | E10: ='3.'!D9 -> 3000 | F10: abertura
C11: 4. | D11: Prestação de Serviços Pessoa Física | E11: ='4.'!D24 -> 20301.02 | F11: abertura
B12: REMUNERAÇÃO DIRETORIA/CONSELHO/PESSOAL
C13: 5. | D13: Manoel de Araujo Sobrinho | E13: ='5.'!D8 -> 9721.24 | F13: abertura
C14: 5. | D14: Saba José Harb | E14: ='5.'!D9 -> 5000 | F14: abertura
C15: 5. | D15: Carlos Eduardo Delbon | E15: ='5.'!D6 -> 1721.24 | F15: abertura
C16: 5. | D16: Donizete Simioni | E16: ='5.'!D7 -> 1721.24 | F16: abertura
C17: 5. | D17: Juliana Picoli Agatte | E17: ='5.'!D10 -> 1721.24 | F17: abertura
C18: 5. | D18: Nelson Kiyoshi Hisatsuga | E18: ='5.'!D12 -> 1721.24 | F18: abertura
C19: 5. | D19: Sinval Alan Ferreira Silva | E19: ='5.'!D11 -> 1721.24 | F19: abertura
B20: ENCARGOS SOCIAIS
C21: 6. | D21: INSS sobre remuneração Autônomos | E21: ='6.'!D8 -> 4660.14 | F21: abertura
C22: 7. | D22: INSS sobre remuneração Diretores | E22: ='7.'!D8 -> 4665.48 | F22: abertura
B23: GASTOS DIVERSOS
C24: 8. | D24: Honorários Contábeis / Auditoria | E24: ='8.'!D8 -> 1800 | F24: abertura
C25: 9. | D25: Despesas com Eventos | E25: ='9.'!D12 -> 1264 | F25: abertura
C26: 10. | D26: Despesa com Informatica/internet | E26: ='10.'!D8 -> 55 | F26: abertura
C27: 11. | D27: Despesas de Telefone | E27: ='11.'!D8 -> 231.59 | F27: abertura
C28: 12. | D28: Impostos e Taxas | E28: ='12.'!D8 -> 544.42 | F28: abertura
C29: 13. | D29: Manutenção e Conservações de Instalações | E29: ='13.'!D9 -> 175.41 | F29: abertura
C30: 14. | D30: Material de Uso/Consumo | E30: ='14.'!D11 -> 1444 | F30: abertura
C31: 15. | D31: Publicações | E31: ='15.'!D10 -> 2067.56 | F31: abertura
C32: 16. | D32: Depreciação | E32: ='16.'!D12 -> 926.53 | F32: abertura
C33: 17. | D33: Depreciação - Imoveis | E33: ='17.'!D9 -> 2743.91 | F33: abertura
B34: DESPESAS/RECEITAS FINANCEIRAS
C35: 18. | D35: Despesas Bancárias | E35: ='18.'!D21 -> 125.3 | F35: abertura
C36: 19. | D36: Encargos s/ Tributos Vencidos | E36: ='19.'!D14 -> 1147.14 | F36: abertura
C37: 20. | D37: IOF s/ Aplicações Financeiras | E37: ='20.'!D8 -> 9.37 | F37: abertura
C38: 21. | D38: IRRF s/ Aplicações Financeiras | E38: ='21.'!D8 -> 93.97 | F38: abertura
D40: TOTAL | E40: =SUM(E7:E39) -> 71823.48

Sheet 1.
B2: MORADA DO SOL TURISMO, EVENTOS E PARTICIPAÇÕES S/A
B3: Balancete de Despesas
B4: =RAZÃO!B4 -> Período : 01/11/2021 a 30/11/2021
B5: Data | C5: Histórico | D5: Valor
B6: 30/11/21 | C6: Devido s/receita operacional d/mes | D6: 2664 | E6: retorna | F6: docto.

Sheet 2.
B2: MORADA DO SOL TURISMO, EVENTOS E PARTICIPAÇÕES S/A
B3: Balancete de Despesas
B4: =RAZÃO!B4 -> Período : 01/11/2021 a 30/11/2021
B5: Data | C5: Histórico | D5: Valor
B6: 30/11/21 | C6: Devido s/receita operacional d/mes | D6: 577.2 | E6: retorna | F6: docto.

Sheet 3.
B2: MORADA DO SOL TURISMO, EVENTOS E PARTICIPAÇÕES S/A
B3: Balancete de Despesas
B4: =RAZÃO!B4 -> Período : 01/11/2021 a 30/11/2021
B5: Data | C5: Histórico | D5: Valor
B6: 30/11/21 | C6: Aline Maria Pereira cf. recibo nº 08/2021 | D6: 1700 | F6: docto.
B7: 30/11/21 | C7: Fernanda Cília Marafão Brunetti cf. recibo nº 11/2021 | D7: 1300 | E7: retorna | F7: docto.
C9: Total | D9: =SUM(D6:D8) -> 3000

Sheet 4.
B2: MORADA DO SOL TURISMO, EVENTOS E PARTICIPAÇÕES S/A
B3: Balancete de Despesas
B4: =RAZÃO!B4 -> Período : 01/11/2021 a 30/11/2021
B5: Data | C5: Histórico | D5: Valor
B6: 44504 | C6: Catarino Matos Rios cf. recibo nº 07/2021 | D6: 1832.58 | F6: docto.
B7: 44506 | C7: Edison Aparecido da Câmara cf. recibo nº 02/2021 | D7: 224.72 | F7: docto.
B8: 44509 | C8: Carlos Henrique dos Santos cf. recibo n° 01/2021 | D8: 112.36 | F8: docto.
B9: 44530 | C9: Rodrigo Ferraz Yoshimi cf. recibo nº 01/2021 | D9: 2022.47 | F9: docto.
B10: 44530 | C10: Ivete Batista de Freitas cf. recibo nº 02/2021 | D10: 910 | F10: docto.
B11: 44530 | C11: Paula Ponciano Stievano cf. recibo nº 02/2021 | D11: 1011.24 | F11: docto.
B12: 44530 | C12: Rosária Cristina Rocha cf. recibo nº 02/2021 | D12: 179.78 | F12: docto.
B13: 44530 | C13: Vilma Medeiros Freitas cf. recibo nº 05/2021 | D13: 449.44 | F13: docto.
B14: 44530 | C14: Wesley de Jesus Rios cf. recibo nº 05/2021 | D14: 674.16 | F14: docto.
B15: 44530 | C15: Reginalda Maria da Silva cf. recibo nº 07/2021 | D15: 2134.83 | F15: docto.
B16: 44530 | C16: Jefferson Henrique Rosseti cf. recibo nº 08/2021 | D16: 2200 | F16: docto.
B17: 44530 | C17: Luisa Camacho Calvano cf. recibo nº 08/2021 | D17: 1700 | F17: docto.
... B21: 44530 | C21: Bruna Carolina Ponciano Stievano cf. recibo nº 15/2021 | D21: 1700 | F21: docto.
B22: 44530 | C22: Bruna Carolina Ponciano Stievano cf. recibo nº 16/2021 | D22: 449.44 | E22: retorna | F22: docto.
C24: Total | D24: =SUM(D6:D23) -> 20301.02

Sheet 5.
B2: MORADA DO SOL TURISMO, EVENTOS E PARTICIPAÇÕES S/A
B3: Balancete de Despesas
B4: =RAZÃO!B4 -> Período : 01/11/2021 a 30/11/2021
B5: Data | C5: Histórico | D5: Valor
B6: 44530 | C6: Honorarios Diretoria Carlos Eduardo Delbon | D6: 1721.24 | F6: docto.
B7: 44530 | C7: Honorarios Diretoria Donizete Simioni | D7: 1721.24 | F7: docto.
B8: 44530 | C8: Honorarios Diretoria Manoel de Araujo Sobrinho | D8: 9721.24 | F8: docto.
B9: 44530 | C9: Honorarios Diretoria Saba Jose Harb | D9: 5000 | F9: docto.
B10: 44530 | C10: Honorarios Conselho Fiscal Juliana Picoli Agatte | D10: 1721.24 | F10: docto.
B11: 44530 | C11: Honorarios Conselho Fiscal Sinval Alan Ferreira silva | D11: 1721.24 | F11: docto.
B12: 44530 | C12: Honorarios Conselho Fiscal Nelson Kiyoshi Hisatsuga | D12: 1721.24 | E12: retorna | F12: docto.
C14: Total | D14: =SUM(D6:D13) -> 23327.44

Sheet 6.
B2: MORADA DO SOL TURISMO, EVENTOS E PARTICIPAÇÕES S/A
B3: Balancete de Despesas
B4: =RAZÃO!B4 -> Período : 01/11/2021 a 30/11/2021
B5: Data | C5: Histórico | D5: Valor
B6: 30/11/21 | C6: Devido s/remuneração autônomos d/mês | D6: 4660.14 | E6: retorna | F6: docto.
C8: Total | D8: =SUM(D6:D7) -> 4660.14

Sheet 7.
B2: MORADA DO SOL TURISMO, EVENTOS E PARTICIPAÇÕES S/A
B3: Balancete de Despesas
B4: =RAZÃO!B4 -> Período : 01/11/2021 a 30/11/2021
B5: Data | C5: Histórico | D5: Valor
B6: 30/11/21 | C6: Devido s/remuneração diretores | D6: 4665.48 | E6: retorna | F6: docto.
C8: Total | D8: =SUM(D6:D7) -> 4665.48

Sheet 8.
B2: MORADA DO SOL TURISMO, EVENTOS E PARTICIPAÇÕES S/A
B3: Balancete de Despesas
B4: =RAZÃO!B4 -> Período : 01/11/2021 a 30/11/2021
B5: Data | C5: Histórico | D5: Valor
B6: 44503 | C6: NF. 2438 Escritório Delta Contábil Ltda | D6: 1800 | E6: retorna | F6: docto.
C8: Total | D8: =SUM(D6:D7) -> 1800

Sheet 9.
B2: MORADA DO SOL TURISMO, EVENTOS E PARTICIPAÇÕES S/A
B3: Balancete de Despesas
B4: =RAZÃO!B4 -> Período : 01/11/2021 a 30/11/2021
B5: Data | C5: Histórico | D5: Valor
B6: 44509 | C6: Pg. Isabele Batista de Freitas cf. recibo | D6: 200 | F6: docto.
B7: 44509 | C7: Pg. Carlito Douglas de Freitas cf. recibo | D7: 100 | F7: docto.
B8: 44510 | C8: Pg. Carlito Douglas de Freitas cf. recibo. | D8: 100 | F8: docto.
B9: 44512 | C9: Pg.NF.(s) 144023-144025-144026-144027 Hotel Nina Ltda (evento Hibrido Etanol) | D9: 720 | F9: docto.
B10: 44518 | C10: NF. 21880 Flório & Corvello Ltda | D10: 144 | E10: retorna | F10: docto.
C12: Total | D12: =SUM(D6:D11) -> 1264

Sheet 10.
B2: MORADA DO SOL TURISMO, EVENTOS E PARTICIPAÇÕES S/A
B3: Balancete de Despesas
B4: =RAZÃO!B4 -> Período : 01/11/2021 a 30/11/2021
B5: Data | C5: Histórico | D5: Valor
B6: 44501 | C6: NF. 9793 Center Print - Cartuchos e Tonners Ltda - ME | D6: 55 | E6: retorna | F6: docto.
C8: Total | D8: =SUM(D6:D7) -> 55

Sheet 11.
B2: MORADA DO SOL TURISMO, EVENTOS E PARTICIPAÇÕES S/A
B3: Balancete de Despesas
B4: =RAZÃO!B4 -> Período : 01/11/2021 a 30/11/2021
B5: Data | C5: Histórico | D5: Valor
B6: 44512 | C6: Pg. Telefônica Brasil S/A ref. 11/2021 cf. comprovante | D6: 231.59 | E6: retorna | F6: docto.
C8: Total | D8: =SUM(D6:D7) -> 231.59

Sheet 12.
B2: MORADA DO SOL TURISMO, EVENTOS E PARTICIPAÇÕES S/A
B3: Balancete de Despesas
B4: =RAZÃO!B4 -> Período : 01/11/2021 a 30/11/2021
B5: Data | C5: Histórico | D5: Valor
B6: 44511 | C6: Pg. DARE - SP (Taxa Vistoria Corpo de Bombeiros) | D6: 544.42 | E6: retorna | F6: docto.
C8: Total | D8: =SUM(D6:D7) -> 544.42

Sheet 13.
B2: MORADA DO SOL TURISMO, EVENTOS E PARTICIPAÇÕES S/A
B3: Balancete de Despesas
B4: =RAZÃO!B4 -> Período : 01/11/2021 a 30/11/2021
B5: Data | C5: Histórico | D5: Valor
B6: 44530 | C6: Pg.NF.(s) 369536 Jabu Engenharia Elétrica Ltda | D6: 65.66 | F6: docto.
B7: 44504 | C7: NF. 366802 Jabu Engenharia Elétrica Ltd | D7: 109.75 | E7: retorna | F7: docto.
C9: Total | D9: =SUM(D6:D8) -> 175.41

Sheet 14.
B2: MORADA DO SOL TURISMO, EVENTOS E PARTICIPAÇÕES S/A
B3: Balancete de Despesas
B4: =RAZÃO!B4 -> Período : 01/11/2021 a 30/11/2021
B5: Data | C5: Histórico | D5: Valor
B6: 44503 | C6: Pg.NF.(s) 60974 Rebat Distribuidora Ltda - EPP | D6: 372 | F6: docto.
B7: 44505 | C7: NF. 39155 RCV Araraquara Comércio de Materiais de Construção Ltda | D7: 272 | F7: docto.
B8: 44529 | C8: NF. 39413 RCV Araraquara Comércio de Materias de Construção Ltda | D8: 136 | F8: docto.
B9: 44529 | C9: NF. 61682 Rebat Distribuidora Ltda | D9: 664 | E9: retorna | F9: docto.
C11: Total | D11: =SUM(D6:D10) -> 1444

Sheet 15.
B2: MORADA DO SOL TURISMO, EVENTOS E PARTICIPAÇÕES S/A
B3: Balancete de Despesas
B4: =RAZÃO!B4 -> Período : 01/11/2021 a 30/11/2021
B5: Data | C5: Histórico | D5: Valor
B6: 44503 | C6: Débirto - ARP Legalização Publicação | D6: 88.78 | F6: docto.
B7: 44503 | C7: Débirto - ARP Legalização Publicação | D7: 88.78 | F7: docto.
B8: 44526 | C8: NF. 1917 APL - Assessoria e Publicidade Legal Ltda | D8: 1890 | E8: retorna | F8: docto.
C10: Total | D10: =SUM(D6:D9) -> 2067.56

Sheet 16.
B2: MORADA DO SOL TURISMO, EVENTOS E PARTICIPAÇÕES S/A
B3: Balancete de Despesas
B4: =RAZÃO!B4 -> Período : 01/11/2021 a 30/11/2021
B5: Data | C5: Histórico | D5: Valor
B6: 44530 | C6: Deprec.equiptos comunicação cf.relatório auxiliar | D6: 15.25 | F6: docto.
B7: 44530 | C7: Deprec.equiptos informática cf.relatório auxiliar | D7: 37.47 | F7: docto.
B8: 44530 | C8: Deprec.maquinas e equiptos cf.relatório auxiliar | D8: 605.28 | F8: docto.
B9: 44530 | C9: Deprec.outras imobilizações cf.relatório auxiliar | D9: 225.42 | F9: docto.
B10: 44530 | C10: Deprec.moveis e utensilios cf.relatório auxiliar | D10: 43.11 | E10: retorna | F10: docto.
C12: Total | D12: =SUM(D6:D11) -> 926.53

Sheet 17.
B2: MORADA DO SOL TURISMO, EVENTOS E PARTICIPAÇÕES S/A
B3: Balancete de Despesas
B4: =RAZÃO!B4 -> Período : 01/11/2021 a 30/11/2021
B5: Data | C5: Histórico | D5: Valor
B6: 44530 | C6: Deprec.acum.c/imóveis (CEAR - edificacao Centro de Eventos) cf.relatório auxiliar | D6: 2374.93 | F6: docto.
B7: 44530 | C7: Deprec.acum.c/imóveis (CEAR - edificacoes) cf.relatório auxiliar | D7: 368.98 | E7: retorna | F7: docto.
C9: Total | D9: =SUM(D6:D8) -> 2743.91

Sheet 18.
B2: MORADA DO SOL TURISMO, EVENTOS E PARTICIPAÇÕES S/A
B3: Balancete de Despesas
B4: =RAZÃO!B4 -> Período : 01/11/2021 a 30/11/2021
B5: Data | C5: Histórico | D5: Valor
B6: 44501 | C6: Tarifa Manutenção Conta Ativa | D6: 20 | F6: docto.
B7: 44501 | C7: Débito Repasse Gravação Eletrônica | D7: 7.8 | F7: docto.
B8: 44501 | C8: Tarifa Cobrança | D8: 6 | F8: docto.
B9: 44503 | C9: Tarifa Cobrança | D9: 20 | F9: docto.
B10: 44504 | C10: Tarifa Cobrança | D10: 10 | F10: docto.
B11: 44505 | C11: Tarifa Cobrança | D11: 10 | F11: docto.
B12: 44508 | C12: Tarifa Cobrança | D12: 2.5 | F12: docto.
B13: 44509 | C13: Tarifa Cobrança | D13: 7.5 | F13: docto.
B14: 44510 | C14: Tarifa Cobrança | D14: 2.5 | F14: docto.
B15: 44512 | C15: Tarifa Cobrança | D15: 5 | F15: docto.
B16: 44517 | C16: Tarifa Cobrança | D16: 5 | F16: docto.
B17: 44518 | C17: Ted Internet | D17: 6.5 | F17: docto.
B18: 44522 | C18: Tarifa Cobrança | D18: 17.5 | F18: docto.
B19: 44529 | C19: Tarifa Cobrança | D19: 5 | E19: retorna | F19: docto.
C21: Total | D21: =SUM(D6:D20) -> 125.3

Sheet 19.
B2: MORADA DO SOL TURISMO, EVENTOS E PARTICIPAÇÕES S/A
B3: Balancete de Despesas
B4: =RAZÃO!B4 -> Período : 01/11/2021 a 30/11/2021
B5: Data | C5: Histórico | D5: Valor
B6: 44530 | C6: Ref. INSS parcelamento 09/60 | D6: 303.83 | F6: docto.
B7: 44530 | C7: Ref. Pis/Cofins/CSLL/IRPJ parcela 09/60 | D7: 169.79 | F7: docto.
B8: 44530 | C8: Ref. IRPJ parcelamento 09/33 | D8: 108.31 | F8: docto.
B9: 44530 | C9: Ref. Cofins parcelamento 09/20 | D9: 110.68 | F9: docto.
B10: 44530 | C10: Ref. IRPJ parcelamento 34/60 | D10: 172.62 | F10: docto.
B11: 44530 | C11: Ref. CSLL parcelamento 09/15 | D11: 108.58 | F11: docto.
B12: 44530 | C12: Ref. CSLL parcelamento 34/36 | D12: 173.33 | E12: retorna | F12: docto.
C14: Total | D14: =SUM(D6:D13) -> 1147.14

Sheet 20.
B2: MORADA DO SOL TURISMO, EVENTOS E PARTICIPAÇÕES S/A
B3: Balancete de Despesas
B4: =RAZÃO!B4 -> Período : 01/11/2021 a 30/11/2021
B5: Data | C5: Histórico | D5: Valor
B6: 44530 | C6: IOF s/rendimento RDC d/mês | D6: 9.37 | E6: retorna | F6: docto.
C8: Total | D8: =SUM(D6:D7) -> 9.37

Sheet 21.
B2: MORADA DO SOL TURISMO, EVENTOS E PARTICIPAÇÕES S/A
B3: Balancete de Despesas
B4: =RAZÃO!B4 -> Período : 01/11/2021 a 30/11/2021
B5: Data | C5: Histórico | D5: Valor
B6: 44530 | C6: IRRF s/rendimento RDC d/mês | D6: 93.97 | E6: retorna | F6: docto.
C8: Total | D8: =SUM(D6:D7) -> 93.97
